 Dungeon Crawl Stone Soup version 0.30-a0-862-g1aabd4f9c5 (webtiles) character file.

Game seed: 11808721561880339332

848 FexLirch the Cutter (level 8, -1/67 HPs)
             Began as an Ogre Enchanter on Mar 8, 2023.
             Was a Follower of Kikubaaqudgha.
             Slain by an iguana (14 damage)
             ... on level 6 of the Dungeon.
             The game lasted 00:14:16 (6100 turns).

FexLirch the Cutter (Ogre Enchanter)                Turns: 6100, Time: 00:14:17

Health: -1/67      AC:  3    Str: 13    XL:     8   Next: 1%
Magic:  12/12      EV: 10    Int: 16    God:    Kikubaaqudgha [*.....]
Gold:   317        SH:  0    Dex: 17    Spells: 3/13 levels left

rFire   . . .      SeeInvis .    a - +0 dagger (speed)
rCold   . . .      Faith    .    (no shield)
rNeg    . . .      Spirit   .    b - +0 robe
rPois   .          Reflect  .    (helmet restricted)
rElec   .          Rampage  .    (no cloak)
rCorr   .                        (gloves unavailable)
Will    .....                    (boots unavailable)
Stlth   ++                       (no amulet)
HPRegen 0.31/turn                i - +6 ring of dexterity
MPRegen 0.13/turn                u - ring of wizardry

@: about to teleport
A: large, unfitting armour, tough skin 1
a: Renounce Religion, Unearth Wretches


You were on level 6 of the Dungeon.
You worshipped Kikubaaqudgha.
Kikubaaqudgha was aware of your devotion.
You visited 2 branches of the dungeon, and saw 7 of its levels.

You collected 317 gold pieces.

Inventory:

Hand Weapons
 a - a +0 dagger of speed (weapon)
 j - a +1 dagger of venom
 t - a +2 great sword of electrocution
 E - a +2 short sword of holy wrath
Missiles
 n - 25 stones (quivered)
 A - 7 poisoned darts
Armour
 b - a +0 robe (worn)
Jewellery
 i - a +6 ring of dexterity (left hand)
 u - a ring of wizardry (right hand)
 B - the ring "Orocokhon" {rPois rC+ rCorr Int+2 Slay-5}
   (You found it on level 4 of the Dungeon)

   [ring of protection from cold]

   Int:       It affects your intelligence (+2).
   Slay:      It affects your accuracy & damage with ranged weapons and melee
   (-5).
   rC:        It protects you from cold.
   rPois:     It protects you from poison.
   rCorr:     It protects you from acid and corrosion.
Wands
 p - a wand of roots (10)
Scrolls
 d - a scroll of fear {unknown}
 e - 2 scrolls of blinking
 h - 3 scrolls of vulnerability
 k - 2 scrolls of amnesia {unknown}
 o - a scroll of poison {unknown}
 q - 2 scrolls of enchant armour {unknown}
 s - 4 scrolls of teleportation
 w - 2 scrolls of enchant weapon {unknown}
 x - a scroll of immolation {unknown}
 y - a scroll of magic mapping {unknown}
 F - a scroll of identify
 G - a scroll of torment {unknown}
Potions
 c - a potion of invisibility
 f - a potion of lignification
 g - 4 potions of curing
 l - 2 potions of flight {unknown}
 m - a potion of haste {unknown}
 r - 2 potions of heal wounds
 v - a potion of mutation {unknown}
 z - 2 potions of attraction {unknown}
 C - a potion of degeneration {unknown}
 D - a potion of ambrosia {unknown}


   Skills:
 - Level 6.2(6.4) Short Blades
 * Level 1.8(4.3) Long Blades
 - Level 1.7 Dodging
 - Level 3.0 Stealth
 - Level 3.3 Spellcasting
 - Level 3.3 Hexes
 + Level 2.2 Necromancy


You had 3 spell levels left.
You knew the following spells:

 Your Spells              Type           Power      Damage    Failure   Level
a - Ensorcelled Hibernat  Hex/Ice        14%        N/A       6%          2
b - Confusing Touch       Hex            13%        N/A       6%          3
c - Tukima's Dance        Hex            13%        N/A       6%          3
d - Cigotuvi's Dreadful   Necr/Pois/Air  10%        N/A       9%          2

Your spell library contained the following spells:

 Spells                   Type           Power      Damage    Failure   Level
 Necrotise                Necr           36%        1d5       3%          1
 Kiss of Death            Conj/Necr      24%        2d7       4%          1
 Sublimation of Blood     Necr           9%         N/A       4%          2
 Sandblast                Erth           4%         2d4       8%          1
 Passwall                 Tmut/Erth      1%         N/A       12%         2
 Scorch                   Fire           4%         2d5       12%         2
 Dazzling Flash           Conj/Hex       14%        N/A       12%         3
 Frozen Ramparts          Ice            4%         1d1       22%         3
 Stone Arrow              Conj/Erth      4%         3d7       22%         3
 Flame Wave               Conj/Fire      2%         2d4       56%         4
 Ice Form                 Ice/Tmut       2%         N/A       56%         4
 Summon Ice Beast         Ice/Summ       2%         N/A       56%         4
 Summon Cactus Giant      Summ           1%         N/A       100%        6


Dungeon Overview and Level Annotations

Branches:
Dungeon (6/15)             Temple (1/1) D:4

Altars:
Elyvilon
Kikubaaqudgha
Yredelemnul
Zin

Shops:
D:2 (


Innate Abilities, Weirdness & Mutations

You are too large for most types of armour.
You have tough skin. (AC +1)


Message History

Your surroundings suddenly seem different.
Found a stone staircase leading down.
There is a stone staircase leading down here.
You start resting.
HP restored.
F - a scroll of identify
Found a scroll labelled BIGACH RUSTROE.
Found a scroll of vulnerability.
s - 5 scrolls of teleportation (gained 1)
Found a stone staircase leading down.
h - 3 scrolls of vulnerability (gained 1)
G - a scroll labelled BIGACH RUSTROE An ogre comes into view.
It is wielding a +0 giant club.
An ogre is nearby!
Found a murky clear potion.
Found a stone staircase leading up.
The ogre shouts!
You hear an angry hiss.
You hear a shout!
The ogre hits you with a +0 giant club!!
You are too injured to fight recklessly!
You hit the ogre.
The ogre is lightly wounded.
You barely miss the ogre.
The ogre is lightly wounded.
You hit the ogre.
The ogre is lightly wounded.
You hit the ogre but do no damage.
The ogre is lightly wounded.
The ogre hits you with a +0 giant club!
An iguana comes into view.
Found a cloak.
The ogre attacks as you move away! The ogre closely misses you.
The ogre attacks as you move away! The ogre barely misses you.
The ogre barely misses you. The ogre attacks as you move away!
The ogre hits you with a +0 giant club!
* * * LOW HITPOINT WARNING * * *
As you read the scroll of teleportation, it crumbles to dust.
You feel strangely unstable. The iguana attacks as you move away!
The iguana bites you!
You die...
Kikubaaqudgha rasps: "You have failed me!
Welcome... death!"

#....................#
...###..............[##
.### ###########......#
.# ##### ##..##..#
.###...# #.## ##
.......## #.# ........#
##O# ######..# #l.#
##..# #@##
#####...###+##...#
..##....#....##...
.......#.>.######..
......##..## ... #....#
#..# ...# ##... #..#
..## ##.. ##.# ..# #..
##.


You could see an ogre and an iguana.

Vanquished Creatures
  A phantom (D:5)
  2 scorpions (D:4)
  3 wights (D:5)
  3 hounds
  A jelly (D:5)
  2 orc priests
  An iguana (D:5)
  3 orc wizards
  8 gnolls
  2 adders
  An ufetubus (D:6)
  3 dart slugs
  11 orcs
  8 ball pythons
  4 endoplasms
  5 giant cockroaches
  9 goblins
  8 hobgoblins
  14 jackals
  4 quokkas
  7 bats
  6 frilled lizards
  6 kobolds
  7 rats
  A spectral orc (D:3)
120 creatures vanquished.

Vanquished Creatures (others)
  A dancing weapon (D:5)
  5 toadstools (D:1)
6 creatures vanquished.

Grand Total: 126 creatures vanquished

Notes
Turn   | Place    | Note
-------+----------+-------------------------------------------
     0 | D:1      | FexLirch the Ogre Enchanter began the quest for the Orb.
     0 | D:1      | Reached XP level 1. HP: 16/16 MP: 3/3
   106 | D:1      | Reached skill level 1 in Short Blades
   209 | D:1      | Reached XP level 2. HP: 5/24 MP: 5/5
   588 | D:1      | Reached XP level 3. HP: 7/31 MP: 7/7
   954 | D:1      | Learned a level 2 spell: Ensorcelled Hibernation
   958 | D:1      | Learned a level 3 spell: Confusing Touch
  1625 | D:2      | Found Weoleott's Weapon Shop.
  1720 | D:2      | Learned a level 3 spell: Tukima's Dance
  1761 | D:2      | Reached XP level 4. HP: 37/39 MP: 8/8
  2070 | D:2      | Reached skill level 2 in Short Blades
  2372 | D:3      | Reached XP level 5. HP: 18/45 MP: 9/9
  2710 | D:3      | Reached skill level 3 in Short Blades
  2859 | D:3      | Found a basalt altar of Yredelemnul.
  2960 | D:3      | Found a faded altar of an unknown god.
  3013 | D:3      | Reached XP level 6. HP: 13/53 MP: 10/10
  3256 | D:3      | Found an ancient bone altar of Kikubaaqudgha.
  3291 | D:3      | Became a worshipper of Kikubaaqudgha
  3508 | D:4      | Reached skill level 4 in Short Blades
  3588 | D:4      | Identified the ring "Orocokhon" {rPois rC+ rCorr Int+2
                  | Slay-5}
  3799 | D:4      | Reached skill level 5 in Short Blades
  3799 | D:4      | HP: 1/53 [orc/+0 flail (9)]
  4030 | D:4      | Reached XP level 7. HP: 50/59 MP: 11/11
  4078 | D:4      | Reached * piety under Kikubaaqudgha
  4078 | D:4      | Received a gift from Kikubaaqudgha
  4079 | D:4      | Found a staircase to the Ecumenical Temple.
  4320 | Temple   | Entered the Ecumenical Temple
  4332 | D:5      | Entered Level 5 of the Dungeon
  4900 | D:5      | Reached skill level 1 in Necromancy
  4926 | D:5      | Reached skill level 6 in Short Blades
  5051 | D:4      | Learned a level 2 spell: Cigotuvi's Dreadful Rot
  5325 | D:5      | Reached skill level 1 in Long Blades
  5556 | D:5      | Identified the +0 leather armour "Muudadyo" {rElec rC+}
  5784 | D:6      | Reached XP level 8. HP: 67/67 MP: 12/12
  6100 | D:6      | Slain by an iguana

Illustrated notes

Levels and vault maps discovered:
D:1:      ldierk_walled_garden, layout_basic
D:2:      layout_rooms, serial_shops, shop
D:3:      layout_rooms, amcnicky_altar_gilded,
          yredelemnul_forgotten_temple_becter,
          hellmonk_ecumenical_altar_crossroads
D:4:      layout_rooms, minmay_temple_entry_large_hall, patterned_corridor
D:5:      layout_loops_corners
D:6:      layout_layer_cave, kennysheep_orc_sif_temple,
          nicolae_overflow_two_pavilions, reono_crystal_passage,
          supply_closet_lemuel
Temple:   nicolae_temple_bog_church

Skill      XL: |  1  2  3  4  5  6  7 |
---------------+----------------------+-----
Short Blades   | 1 2 3 5 6 |  6.2
Hexes          | 3 |  3.3
Spellcasting   | 3 |  3.3
Stealth        | 3 |  3.0
Necromancy     | 2 |  2.2
Long Blades    | 1 |  1.8
Dodging        | |  1.7

Action                     |  1- 3 |  4- 6 |  7- 9 || total
---------------------------+-------+-------+-------++-------
  Melee: Rapier            |   118 |       |       ||   118
         Dagger            |    73 |   210 |    65 ||   348
         Punch             |     2 |     1 |     5 ||     8
         Short sword       |       |       |    36 ||    36
   Cast: Ensorcelled Hiber |     2 |       |     5 ||     7
         Tukima's Dance    |       |       |     1 ||     1
    Use: Potion            |     1 |     1 |       ||     2
         Scroll            |       |       |     7 ||     7
   Stab: Sleeping          |     3 |     8 |     3 ||    14
         Invisible         |       |     1 |       ||     1
 Armour: Robe              |   101 |    32 |     9 ||   142
         Skin              |     8 |       |       ||     8
  Dodge: Dodged            |   139 |    82 |    49 ||   270

Table legend: (Time is in decaauts)
 A = Elapsed time spent in this place.
 B = Non-inter-level travel time spent in this place.
 C = Inter-level travel time spent in this place.
 D = Time resting spent in this place.
 E = Time spent auto-exploring this place.
 F = Levels seen in this place.
 G = Mean time per level.
                   A        B        C        D        E       F      G
               +--------+--------+--------+--------+--------+-----+--------+
         Total |   6042 |   5747 |    295 |    802 |   3794 |   7 |  863.1 |
       Dungeon |   6040 |   5745 |    295 |    802 |   3794 |   6 | 1006.7 |
        Temple |      1 |      1 |      0 |      0 |      0 |   1 |    1.0 |
               +--------+--------+--------+--------+--------+-----+--------+

Top non-repeatable levels by time:
     D:1: 1392 daAuts
     D:5: 1259 daAuts
     D:3: 1158 daAuts
     D:2: 1115 daAuts
     D:4: 783 daAuts
     D:6: 330 daAuts
  Temple: 1 daAuts
